 Dungeon Crawl Stone Soup version 0.29-a0-486-ga88943ba61 (webtiles) character file.

Game seed: 1051626867505556002

128 Morbidden the Stinger (level 4, -5/40 HPs)
             Began as a Troll Venom Mage on May 26, 2022.
             Was an Initiate of Cheibriados.
             Slain by Menkaure (10 damage)
             ... on level 4 of the Dungeon.
             The game lasted 00:04:52 (3235 turns).

Morbidden the Stinger (Troll Venom Mage)            Turns: 3235, Time: 00:04:53

Health: -5/40      AC:  4    Str: 17    XL:     4   Next: 87%
Magic:  5/5        EV: 10    Int: 20    God:    Cheibriados [......]
Gold:   153        SH:  5    Dex: 11    Spells: 3/6 levels left

rFire   + . .      SeeInvis .     - Unarmed
rCold   . . .      Faith    .   (no shield)
rNeg    . . .      Spirit   .   a - +0 robe
rPois   .          Reflect  +   (helmet restricted)
rElec   .          Harm     .   (no cloak)
rCorr   .          Rampage  .   (gloves unavailable)
Will    .....                   (boots unavailable)
Stlth   ++........              g - amulet of reflection
HPRegen 0.93/turn               h - +6 ring of intelligence
MPRegen 0.09/turn               v - ring of protection from fire

@: slow
A: large, unfitting armour, claws 3, regeneration 1, shaggy fur 1, tough skin 1
a: Renounce Religion


You were on level 4 of the Dungeon.
You worshipped Cheibriados.
Cheibriados was noncommittal.
You visited 2 branches of the dungeon, and saw 5 of its levels.

You collected 153 gold pieces.

Inventory:

Missiles
 t - 13 poisoned darts (quivered)
Armour
 a - a +0 robe (worn)
Jewellery
 g - an amulet of reflection (around neck)
 h - a +6 ring of intelligence (left claw)
 j - a ring of fire
 r - a ring of ice
 v - a ring of protection from fire (right claw)
Wands
 o - a wand of charming (8)
Scrolls
 d - a scroll of immolation {unknown}
 i - 2 scrolls of identify
 k - a scroll of magic mapping {unknown}
 l - a scroll of teleportation {unknown}
 m - a scroll of enchant weapon {unknown}
 s - a scroll of fog {unknown}
Potions
 b - a potion of magic
 c - a potion of brilliance {unknown}
 e - a potion of haste {unknown}
 n - a potion of mutation {unknown}
 p - a potion of curing {unknown}
 q - 2 potions of berserk rage {unknown}
 u - a potion of invisibility {unknown}


   Skills:
 * Level 0.3 Fighting
 + Level 0.1 Throwing
 * Level 2.3 Dodging
 + Level 1.2 Stealth
 * Level 1.9 Unarmed Combat
 * Level 1.7 Spellcasting
 * Level 1.0 Transmutations
 * Level 2.6 Poison Magic


You had 3 spell levels left.
You knew the following spells:

 Your Spells              Type           Power      Damage    Failure   Level
a - Sting                 Tmut/Pois      36%        1d4       8%          1
b - Poisonous Vapours     Pois/Air       14%        N/A       14%         2

Your spell library contained the following spells:

 Spells                   Type           Power      Damage    Failure   Level
 Summon Small Mammal      Summ           4%         N/A       16%         1
 Mephitic Cloud           Conj/Pois/Air  5%         N/A       32%         3
 Call Canine Familiar     Summ           1%         N/A       43%         3
 Inner Flame              Hex/Fire       1%         N/A       43%         3
 Summon Guardian Golem    Hex/Summ       1%         N/A       43%         3
 Olgreb's Toxic Radiance  Pois           12%        N/A       47%         4
 Cause Fear               Hex            0%         N/A       85%         4
 Discord                  Hex            0%         N/A       100%        8


Dungeon Overview and Level Annotations

Branches:
Dungeon (4/15)             Temple (1/1) D:4

Altars:
Ashenzari
Cheibriados
Dithmenos
Elyvilon
Fedhas
Gozag
Hepliaklqana
Kikubaaqudgha
Makhleb
Nemelex Xobeh
Qazlal
Sif Muna
Trog
Vehumet
Wu Jian
Xom
Yredelemnul
Zin
The Shining One

Annotations:
D:4 Menkaure


Innate Abilities, Weirdness & Mutations

You are too large for most types of armour.
You have claws for hands.
Your natural rate of healing is unusually fast.
You are covered in fur. (AC +1)
You have tough skin. (AC +1)


Message History

There is a staircase back to the Dungeon here.
You climb upwards.
Welcome back to the Dungeon!
There is a staircase to the Ecumenical Temple here.
Unknown command.
As you read the scroll labelled PEBUBI DAGRONU, it crumbles to dust.
It is a scroll of identify.
f - 2 scrolls of vulnerability Unknown command.
You drop 2 scrolls of vulnerability.
Unknown command.
Menkaure, Prince of Dust comes into view.
Menkaure is nearby!
Okay, then.
Okay, then.
Menkaure shouts!
Menkaure hits you!
You scratch Menkaure.
Menkaure is lightly damaged.
You block Menkaure's attack.
You closely miss Menkaure.
Menkaure is lightly damaged.
Menkaure calls on the powers of darkness!
Your body is wracked with pain!
You are too injured to fight recklessly!
You are too injured to fight recklessly!
You are too injured to fight recklessly!
You are too injured to fight recklessly!
You are too injured to fight recklessly!
You scratch Menkaure but do no damage.
Menkaure is lightly damaged.
Menkaure hits you!
* * * LOW HITPOINT WARNING * * *
You scratch Menkaure.
Menkaure is moderately damaged.
Menkaure gestures wildly while chanting.
Menkaure seems to speed up.
You barely miss Menkaure.
Menkaure is moderately damaged.
Menkaure hits you!
You die...

#..............##..#..#..#..#..#
##############.................#
#.#..............>#
#.##..............#
#.....#..#..#..#..#
#.#...............#
#.################# #.#####.#
#..@M...# #########


You could see Menkaure (fast).

Vanquished Creatures
  4 gnolls
  2 adders
  A worm (D:3)
  3 orcs (D:3)
  7 ball pythons
  7 endoplasms
  5 goblins
  8 hobgoblins
  7 jackals
  3 kobolds
  3 quokkas
  3 bats
  2 frilled lizards
  3 rats
58 creatures vanquished.

Notes
Turn   | Place    | Note
-------+----------+-------------------------------------------
     0 | D:1      | Morbidden the Troll Venom Mage began the quest for the Orb.
     0 | D:1      | Reached XP level 1. HP: 16/16 MP: 1/1
   172 | D:1      | Reached XP level 2. HP: 24/24 MP: 3/3
   386 | D:1      | You fall into a shaft and drop 1 floor!
   879 | D:2      | Learned a level 2 spell: Poisonous Vapours
  1210 | D:2      | Reached XP level 3. HP: 31/31 MP: 4/4
  1393 | D:2      | Reached skill level 1 in Transmutations
  1395 | D:2      | Reached skill level 1 in Unarmed Combat
  1457 | D:2      | Found a faded altar of an unknown god.
  2032 | D:3      | Reached XP level 4. HP: 38/39 MP: 1/5
  2954 | D:4      | Found a bloodstained altar of Trog.
  3114 | D:4      | Found a staircase to the Ecumenical Temple.
  3123 | Temple   | Entered the Ecumenical Temple
  3177 | Temple   | Became a worshipper of Cheibriados the Contemplative
  3228 | D:4      | Noticed Menkaure
  3235 | D:4      | Slain by Menkaure

Illustrated notes

Levels and vault maps discovered:
D:1:      saegor_arrival_simple_a, layout_loops_ring,
          chequers_serial_rivers_small_b
D:2:      layout_loops_corners, hellmonk_ecumenical_altar_prayer_group
D:3:      layout_basic
D:4:      nicolae_cairo_tiling_large, layout_basic,
          mainiacjoe_overflow_boulevard, temple_hall, serial_shops,
          nicolae_shop_hallway_plus, nicolae_stop_n_shop_1, uniq_menkaure,
          uniq_eustachio
Temple:   kilobyte_greek_temple

Skill      XL: |  1  2  3  4 |
---------------+-------------+-----
Transmutations | 1 |  1.0
Unarmed Combat | 1 |  1.9
Dodging        | 2 |  2.3
Fighting       | |  0.3
Throwing       | |  0.1
Stealth        | |  1.2
Spellcasting   | |  1.7
Poison Magic   | |  2.6

Action                   |  1- 3 |  4- 6 || total
-------------------------+-------+-------++-------
Melee: Unarmed           |    69 |    37 ||   106
       Punch             |       |     1 ||     1
Throw: Dart              |     8 |     7 ||    15
 Cast: Sting             |    22 |    11 ||    33
       Poisonous Vapours |     5 |     8 ||    13
  Use: Scroll            |       |     1 ||     1
 Stab: Sleeping          |     1 |       ||     1
Armor: Robe              |    17 |    12 ||    29
Dodge: Dodged            |    35 |    26 ||    61
Block: Other             |    14 |     4 ||    18

Table legend: (Time is in decaauts)
 A = Elapsed time spent in this place.
 B = Non-inter-level travel time spent in this place.
 C = Inter-level travel time spent in this place.
 D = Time resting spent in this place.
 E = Time spent auto-exploring this place.
 F = Levels seen in this place.
 G = Mean time per level.
                   A        B        C        D        E       F      G
               +--------+--------+--------+--------+--------+-----+--------+
         Total |   3250 |   3110 |    140 |     14 |   2580 |   5 |  650.0 |
       Dungeon |   3158 |   3055 |    103 |     14 |   2538 |   4 |  789.5 |
        Temple |     92 |     55 |     37 |      0 |     42 |   1 |   92.0 |
               +--------+--------+--------+--------+--------+-----+--------+

Top non-repeatable levels by time:
     D:3: 1255 daAuts
     D:2: 1005 daAuts
     D:1: 687 daAuts
     D:4: 209 daAuts
  Temple: 92 daAuts
